 Dungeon Crawl Stone Soup version 0.25-a0-713-g4845790874 (webtiles) character file.

Game seed: 13868828293922844717, levelgen mode: deterministic

21714 Astera the Basher (level 12, -1/122 HPs)
             Began as a Troll Fighter on Mar 31, 2020.
             Was a High Priest of Qazlal.
             Slain by a seven-headed hydra (12 damage)
             ... on level 1 of the Lair of Beasts on Apr 5, 2020.
             The game lasted 02:10:33 (14820 turns).

Astera the Basher (Troll Fighter)                  Turns: 14820, Time: 02:10:34

Health: -1/122     AC: 18    Str: 30    XL:     12   Next: 56%
Magic:  11/11      EV: 12    Int:  0    God:    Qazlal [*****.]
Gold:   736        SH: 19    Dex: 12    Spells: 11/11 levels left

rFire    x . .     SeeInvis .   a - +12 whip of Callousness {vamp, +Inv rPois Int-5 Dex+3}
rCold    + + .     Gourm    +   c - +1 kite shield
rNeg     + . .     Faith    .   B - +0 ice dragon scales
rPois    +         Spirit   .   (helmet restricted)
rElec    .         Reflect  .   C - +0 cloak
rCorr    .         Harm     .   (gloves unavailable)
MR       .....                  (boots unavailable)
Stlth    ..........             (no amulet)
HPRegen  0.70/turn              s - ring of wizardry
MPRegen  0.12/turn              E - ring of positive energy

@: about to teleport, protected from physical damage, slowed, lost intelligence,
repel missiles, very slow
A: large, unfitting armour, claws 3, fast metabolism 3, gourmand, regeneration
1, shaggy fur 1, tough skin 3
a: Upheaval, Elemental Force, Disaster Area, Renounce Religion, Evoke
Invisibility


You were on level 1 of the Lair of Beasts.
You worshipped Qazlal.
Qazlal was extremely pleased with you.
You were completely stuffed.

You visited 2 branches of the dungeon, and saw 13 of its levels.

You collected 736 gold pieces.

Inventory:

Hand Weapons
 a - the +12 whip of Callousness (weapon) {vamp, +Inv rPois Int-5 Dex+3}
   (You found it on level 6 of the Dungeon)

   It inflicts no extra harm, but heals its wielder when it wounds a living foe.
   It affects your intelligence (-5).
   It affects your dexterity (+3).
   It protects you from poison.
   It lets you turn invisible.
 u - a +4 flail of holy wrath
 y - the cursed +2 mace "Femnej" {vorpal, +Fly rC+ MR+}
   (You took it off an orc on level 7 of the Dungeon)

   It inflicts extra damage upon your enemies.
   It protects you from cold.
   It affects your resistance to hostile enchantments.
   It lets you fly.
   It has a curse placed upon it.
Missiles
 i - 49 poisoned darts (quivered)
 q - 10 boomerangs
Armour
 c - a +1 kite shield (worn)
 B - +0 ice dragon scales (worn)
 C - a +0 cloak (worn)
Jewellery
 s - a ring of wizardry (left claw)
 E - a ring of positive energy (right claw)
Wands
 j - a wand of paralysis (6)
 w - a wand of acid (10)
 D - a wand of flame (25)
 F - a wand of disintegration (4)
Scrolls
 e - 7 scrolls of identify
 g - 3 scrolls of remove curse
 m - 2 scrolls of enchant weapon
 o - a scroll of fog {unknown}
 p - a scroll of teleportation
 t - a scroll of magic mapping {unknown}
 v - 2 scrolls of blinking {unknown}
 x - a scroll of amnesia {unknown}
 A - a scroll of enchant armour
 G - a scroll of fear {unknown}
Potions
 b - 2 potions of flight
 d - 6 potions of might
 h - 2 potions of curing
 k - 2 potions of ambrosia
 l - 2 potions of heal wounds
 n - a potion of brilliance
 r - a potion of haste
 z - a potion of lignification
 I - a potion of invisibility
Comestibles
 f - 29 rations


   Skills:
 + Level 8.3 Fighting
 + Level 8.9 Maces & Flails
 - Level 8.0 Throwing
 - Level 4.0 Armour
 + Level 8.4 Dodging
 + Level 8.3 Shields


You had 11 spell levels left.
You didn't know any spells.
Your spell library contained the following spells:

 Spells                   Type           Power        Failure   Level  Hunger
 Foxfire                  Conj/Fire      #...         58%         1    ##.....
 Freeze                   Ice            #...         58%         1    ##.....
 Summon Small Mammal      Summ           #...         58%         1    ##.....
 Call Imp                 Summ           #.......     73%         2    ###....
 Call Canine Familiar     Summ           #.......     91%         3    ####...
 Conjure Flame            Conj/Fire      #.......     91%         3    ####...
 Frozen Ramparts          Ice            #.....       91%         3    ####...
 Inner Flame              Hex/Fire       #.......     91%         3    ####...
 Ozocubu's Armour         Chrm/Ice       #.......     91%         3    ####...
 Summon Guardian Golem    Hex/Summ       #.......     91%         3    ####...
 Cause Fear               Hex            #.........   100%        4    #####..
 Hailstorm                Conj/Ice       #.......     100%        4    #####..
 Sticky Flame             Conj/Fire      #.......     100%        4    #####..
 Summon Ice Beast         Ice/Summ       #.......     100%        4    #####..
 Summon Lightning Spire   Summ/Air       #.......     100%        4    #####..
 Fireball                 Conj/Fire      #.........   100%        5    ######.
 Silence                  Hex/Air        #.........   100%        5    ######.
 Yara's Violent Unravell  Hex/Tmut       #.........   100%        5    ######.
 Deflect Missiles         Chrm/Air       #.........   100%        6    #######
 Discord                  Hex            #.........   100%        8    #######


Dungeon Overview and Level Annotations

Branches:
Dungeon (12/15)            Temple (0/1) D:6            Lair (1/6) D:9
    Orc: D:9-12

Altars:
Cheibriados
Dithmenos
Fedhas
Gozag
Hepliaklqana
Kikubaaqudgha
Nemelex Xobeh
Okawaru
Qazlal
Ru
Uskayaw
Yredelemnul
Zin

Portals:
Trove: D:11 (give 6 potions of haste)


Innate Abilities, Weirdness & Mutations

You are too large for most types of armour.
You have claws for hands.
Your metabolism is lightning-fast.
You like to eat raw meat.
Your natural rate of healing is unusually fast.
You are covered in fur. (AC +1)
You have extremely tough skin. (AC +3)


Message History

You block the seven-headed hydra's attack.
The seven-headed hydra barely misses you.
You block the seven-headed hydra's attack.
The seven-headed hydra bites you but does no damage.
You block the seven-headed hydra's attack. x2
The seven-headed hydra bites you.
* * * LOW HITPOINT WARNING * * *
You feel more protected from physical attacks.
The seven-headed hydra misses you.
The seven-headed hydra closely misses you.
As you read the scroll of teleportation, it crumbles to dust.
You feel strangely unstable. The yak gores you but does no damage.
The seven-headed hydra bites you!
* * * LOW HITPOINT WARNING * * *
You feel more protected from physical attacks.
The seven-headed hydra bites you.
* * * LOW HITPOINT WARNING * * *
You block the seven-headed hydra's attack.
The seven-headed hydra bites you!
You die...

P..# #..#..####... .#.#
........#.#..... ...# ..
#....?.... ..... ##..
##..##.... ....# .# ## #..
##..##P.^# ..... ...#.##..
#...###..# ......... ....○.#
##Y## ... .........# #°☼§##
#..# ##. #........#
#.@Y######.## . ....#....#
#..DY†#.#..### . .........#
##.#..........#
(..##....#####..####......##
...#......##.#.## #..##....#
...##..........# #..###.....
..# #......#.#.# #.## ##P...
..###.#..#####..# #.# #.##
##.......### ##.# #.# .#


You could see a seven-headed hydra and 2 yaks.

Vanquished Creatures
  Erolcha (D:9)
  2 hydras
  A centaur warrior (D:11)
  A two-headed ogre (D:8)
  An unseen horror (D:10)
  Pikel (D:5)
  2 ugly things (D:11)
  An elephant (D:9)
  Maurice (D:10)
  Maggie (D:8)
  A gargoyle (D:11)
  A spiny frog (Lair:1)
  2 komodo dragons
  A kobold demonologist (D:12)
  A queen bee (D:11)
  A merfolk (D:10)
  3 hornets
  Prince Ribbit (D:6)
  Grinder (D:6)
  3 slime creatures
  4 hippogriffs
  A tarantella (shapeshifter) (D:12)
  3 basilisks
  A wyvern (D:11)
  19 yaks
  A human (D:10)
  Edmund (D:5)
  A water moccasin (D:7)
  A floating eye (shapeshifter) (D:11)
  A porcupine (Lair:1)
  3 ice beasts
  2 black bears
  2 orc warriors
  4 sky beasts
  A slave (D:5)
  2 phantoms
  3 ogres
  4 centaurs
  6 wolves (Lair:1)
  2 crocodiles (Lair:1)
  5 bullfrogs
  2 big kobolds (D:7)
  A gnoll sergeant (D:10)
  A wyvern skeleton (D:7)
  2 scorpions
  31 killer bees
  4 wights
  2 howler monkeys
  7 jellies
  9 crimson imps
  2 bullfrog zombies
  2 centaur zombies
  6 orc priests
  3 quasits
  A bullfrog skeleton (D:10)
  3 centaur skeletons
  10 hounds
  3 iguanas
  15 orc wizards
  12 worker ants
  A hound skeleton (D:4)
  2 worker ant zombies
  Robin (D:2)
  15 gnolls
  2 howler monkey skeletons
  13 adders
  7 oozes
  3 adder skeletons
  4 worms
  3 dart slugs
  7 leopard geckos
  41 orcs
  3 ball pythons
  4 giant cockroaches
  16 goblins
  10 hobgoblins
  7 jackals
  3 quokkas
  10 bats
  4 frilled lizards
  A jackal skeleton (D:4)
  A jackal zombie (D:7)
  12 kobolds
  2 quokka skeletons
  A quokka zombie (D:9)
  3 rats
  A spectral orc (D:8)
387 creatures vanquished.

Vanquished Creatures (others)
  A cyclops (D:11)
  A slave (D:5)
  A necrophage (D:10)
  An orc wizard (D:4)
  A worker ant (D:10)
  An adder (D:10)
  An orc (D:10)
  6 fungi
  4 plants (Lair:1)
  10 toadstools (D:7)
27 creatures vanquished.

Grand Total: 414 creatures vanquished

Notes
Turn   | Place    | Note
-------+----------+-------------------------------------------
     0 | D:1      | Astera the Troll Fighter began the quest for the Orb.
     0 | D:1      | Reached XP level 1. HP: 22/22 MP: 0/0
    57 | D:1      | Reached XP level 2. HP: 27/29 MP: 1/1
   116 | D:1      | You fall into a shaft and drop 1 floor!
   136 | D:2      | Noticed Robin
   210 | D:2      | Reached XP level 3. HP: 30/36 MP: 2/2
   291 | D:2      | Killed Robin
   907 | D:1      | Reached XP level 4. HP: 44/44 MP: 3/3
  1900 | D:2      | Found an opulent altar of Gozag,
  2332 | D:3      | Found a sacrificial altar of Ru,
  2485 | D:3      | Reached XP level 5. HP: 53/53 MP: 4/4
  3411 | D:3      | Found a sacrificial altar of Ru,
  4055 | D:4      | Reached XP level 6. HP: 61/61 MP: 5/5
  4624 | D:4      | Found a blossoming altar of Fedhas,
  4631 | D:4      | Found a stormy altar of Qazlal,
  4636 | D:4      | Found an ancient bone altar of Kikubaaqudgha,
  4642 | D:4      | Found a glowing silver altar of Zin,
  4655 | D:4      | Found a hide-covered altar of Uskayaw,
  4669 | D:4      | Found a snail-covered altar of Cheibriados,
  4674 | D:4      | Found a sparkling altar of Nemelex Xobeh,
  4708 | D:4      | Became a worshipper of Qazlal Stormbringer
  4963 | D:5      | Entered Level 5 of the Dungeon
  4963 | D:5      | Found an iron altar of Okawaru,
  5178 | D:5      | Reached XP level 7. HP: 65/68 MP: 6/6
  5191 | D:5      | Noticed Edmund
  5230 | D:4      | Reached skill level 1 in Throwing
  5456 | D:5      | Noticed Pikel
  5925 | D:5      | Reached skill level 1 in Armour
  6136 | D:5      | Killed Pikel
  6136 | D:5      | Reached XP level 8. HP: 49/79 MP: 7/7
  6831 | D:5      | Killed Edmund
  7029 | D:5      | Reached * piety under Qazlal
  7074 | D:6      | Upgraded the game from 0.25-a0-696-g42a9e46d90 to
                  | 0.25-a0-697-g890751e744
  7147 | D:6      | Reached skill level 5 in Maces & Flails
  7193 | D:6      | Reached XP level 9. HP: 87/87 MP: 8/8
  7201 | D:6      | Found a staircase to the Ecumenical Temple,
  7238 | D:6      | Noticed Grinder
  7433 | D:5      | Reached skill level 5 in Fighting
  7433 | D:5      | Reached skill level 5 in Dodging
  7433 | D:5      | Reached skill level 5 in Shields
  7511 | D:6      | Killed Grinder
  7567 | D:6      | Noticed Prince Ribbit
  7600 | D:5      | HP: 3/88 [poisoned by a killer bee]
  7819 | D:6      | Got a shimmering whip
  7827 | D:5      | Lost intelligence.
  7827 | D:5      | Identified the +12 whip of Callousness {vamp, +Inv rPois
                  | Int-5 Dex+3} (You found it on level 6 of the Dungeon)
  7931 | D:6      | Killed Prince Ribbit
  8469 | D:7      | Reached ** piety under Qazlal
  8582 | D:7      | Reached XP level 10. HP: 98/98 MP: 9/9
  8866 | D:7      | Identified the cursed +2 mace "Femnej" {vorpal, +Fly rC+
                  | MR+}
  9183 | D:7      | Reached skill level 5 in Throwing
  9256 | D:7      | Upgraded the game from 0.25-a0-697-g890751e744 to
                  | 0.25-a0-699-g25a338df49
  9398 | D:8      | Noticed a two-headed ogre
  9422 | D:8      | Reached *** piety under Qazlal
  9435 | D:8      | Killed a two-headed ogre
  9544 | D:8      | You fall into a shaft and drop 3 floors!
  9997 | D:11     | Found a hazy altar of Hepliaklqana,
 10206 | D:11     | Found a portal to a secret trove of treasure,
 10244 | D:11     | Upgraded the game from 0.25-a0-699-g25a338df49 to
                  | 0.25-a0-701-gb30f108f01
 10322 | D:10     | Entered Level 10 of the Dungeon
 10381 | D:9      | Noticed an elephant
 10578 | D:8      | Noticed Maggie
 10596 | D:8      | Killed Maggie
 10596 | D:8      | Reached XP level 11. HP: 107/107 MP: 10/10
 10822 | D:8      | Found a basalt altar of Yredelemnul.
 11005 | D:8      | Upgraded the game from 0.25-a0-701-gb30f108f01 to
                  | 0.25-a0-705-ge9988fc0fb
 11075 | D:9      | Reached **** piety under Qazlal
 11145 | D:9      | Noticed Erolcha
 11846 | D:9      | Killed Erolcha
 12117 | D:9      | Found a staircase to the Lair.
 12862 | D:10     | Killed an unseen horror
 12889 | D:10     | Found a shadowy altar of Dithmenos.
 12978 | D:10     | Reached ***** piety under Qazlal
 12985 | D:10     | Noticed Maurice
 12990 | D:10     | Paralysed by something for 2 turns
 13003 | D:10     | Killed Maurice
 13170 | D:10     | Upgraded the game from 0.25-a0-705-ge9988fc0fb to
                  | 0.25-a0-713-g4845790874
 13936 | D:12     | Noticed a centaur warrior
 13975 | D:12     | Noticed a brown ugly thing
 13989 | D:11     | Killed a brown ugly thing
 14005 | D:12     | Noticed an eight-headed hydra
 14089 | D:12     | Noticed an eight-headed hydra
 14100 | D:11     | Killed a centaur warrior
 14100 | D:11     | Reached XP level 12. HP: 119/119 MP: 11/11
 14115 | D:11     | Killed an eight-headed hydra
 14166 | D:12     | Noticed a two-headed ogre
 14232 | D:12     | Noticed an ogre mage
 14232 | D:12     | Paralysed by a floating eye for 4 turns
 14233 | D:12     | Noticed a centaur warrior
 14303 | Lair:1   | Entered Level 1 of the Lair of Beasts
 14481 | Lair:1   | Noticed a four-headed hydra
 14491 | D:9      | Killed a four-headed hydra
 14794 | Lair:1   | Noticed a seven-headed hydra
 14820 | Lair:1   | Slain by a seven-headed hydra

Levels and vault maps discovered:
D:1:      nzn_arrival_crosshair, layout_loops_ring
D:2:      layout_loops_ring, lemuel_coloured_pillars_altar, first_ration,
          amethyst_killhole, uniq_robin
D:3:      layout_basic, old_standard_altar, minmay_unequal
D:4:      layout_basic, grunt_temple_overflow_octagram
D:5:      layout_cave_pods, okawaru_metal_pillars_1_2, uniq_edmund, uniq_pikel
D:6:      layout_basic, minmay_temple_entry_waves, uniq_grinder,
          uniq_prince_ribbit1
D:7:      cheibrodos_fertilizer, layout_loops_ring
D:8:      layout_gridville, yredelemnul_forgotten_temple_becter, uniq_maggie
D:9:      layout_layer_cave, david_lair_generic, uniq_erolcha
D:10:     layout_rooms, hangedman_stone_soup, grunt_dithmenos_smoke,
          uniq_maurice
D:11:     layout_roguey, basic_altar, trove_entry_hex_spiral, minivault_7
D:12:     minmay_the_grid_square_5x5_4x4_mashed
          [minmay_the_grid_square_5x5_corner,
          minmay_the_grid_square_5x5_checkered_sparse,
          minmay_the_grid_square_5x5_shrine1,
          minmay_the_grid_square_5x5_sharp_hourglass,
          minmay_the_grid_square_5x5_meh,
          minmay_the_grid_square_5x5_prize_rear_guard,
          minmay_the_grid_square_5x5_prize_waves,
          minmay_the_grid_square_5x5_checkered,
          minmay_the_grid_square_5x5_shrine2,
          minmay_the_grid_square_5x5_prize_snowflake,
          minmay_the_grid_square_5x5_prize_junk,
          minmay_the_grid_square_5x5_eight, minmay_the_grid_square_5x5_inset,
          minmay_the_grid_square_5x5_shuriken,
          minmay_the_grid_square_5x5_inner_v,
          minmay_the_grid_square_5x5_two_walls_b], layout_cave_pools,
          zombieorc2_lemuel
Lair:1:   beast_lair_carwin_large_1, layout_layer_cave

Skill      XL: |  1  2  3  4  5  6  7  8  9 10 11 12 |
---------------+-------------------------------------+-----
Maces & Flails | 2 3 4 5 7 8 |  8.9
Shields        | 3 4 5 6 7 8 |  8.3
Fighting       | 3 4 5 6 7 8 |  8.3
Dodging        | 3 4 5 6 7 8 |  8.4
Throwing       | 2 3 4 6 7 8 |  8.0
Armour         | 2 4 |  4.0

Action                   |  1- 3 |  4- 6 |  7- 9 | 10-12 || total
-------------------------+-------+-------+-------+-------++-------
Melee: Flail             |   124 |   325 |   251 |       ||   700
       Unarmed           |       |       |    11 |       ||    11
       Whip              |       |       |   101 |   692 ||   793
Throw: Dart              |       |     3 |    18 |       ||    21
Evoke: Wand              |       |       |       |     1 ||     1
  Use: Scroll            |       |     4 |     6 |     2 ||    12
       Potion            |       |       |     4 |       ||     4
 Stab: Sleeping          |       |     3 |       |       ||     3
       Confused          |       |       |     1 |       ||     1
  Eat: Chunk             |    13 |    33 |    41 |    84 ||   171
       Ration            |       |       |     1 |       ||     1
Armor: Robe              |    49 |       |       |       ||    49
       Animal skin       |    11 |   109 |   114 |    40 ||   274
       Skin              |       |       |    13 |       ||    13
       Ice dragon scales |       |       |       |   290 ||   290
Dodge: Dodged            |    43 |   138 |   169 |   319 ||   669
       Deflected         |       |       |       |     7 ||     7
Block: Kite shield       |    90 |   198 |   278 |   783 ||  1349

Table legend:
 A = Non-vault XP
 B = Vault XP
 C = Vault XP percentage of total XP
 D = Non-vault monster count
 E = Vault monster count
 F = Vault count percentage of total count
                 A         B        C        D         E       F
            +---------+---------+-------+---------+---------+-------
      Total |   19299 |   11722 |  37.8 |     301 |      87 |  22.4
            +---------+---------+-------+---------+---------+-------
        D:1 |      57 |       0 |   0.0 |      24 |       0 |   0.0
        D:2 |      97 |      33 |  25.4 |      22 |      11 |  33.3
        D:3 |     150 |      12 |   7.4 |      19 |       4 |  17.4
        D:4 |     322 |       0 |   0.0 |      24 |       0 |   0.0
        D:5 |    1245 |     798 |  39.1 |      27 |       2 |   6.9
        D:6 |     865 |     549 |  38.8 |      25 |       2 |   7.4
        D:7 |    2139 |     649 |  23.3 |      39 |      17 |  30.4
        D:8 |    2683 |     618 |  18.7 |      20 |       3 |  13.0
        D:9 |    3122 |    1925 |  38.1 |      34 |       4 |  10.5
       D:10 |    2541 |     875 |  25.6 |      30 |       5 |  14.3
       D:11 |    3976 |    4845 |  54.9 |      24 |      28 |  53.8
       D:12 |     167 |     634 |  79.2 |       4 |       3 |  42.9
     Lair:1 |    1935 |     784 |  28.8 |       9 |       8 |  47.1
            +---------+---------+-------+---------+---------+-------
